[Event "*** SCC Grand Prix: Titled Tuesday Blitz"]
[Site "Chess.com"]
[Date "2020.08.25"]
[Round "8"]
[White "TigrVShlyape"]
[Black "davidkalashian"]
[Result "1-0"]
[WhiteElo "2839"]
[BlackElo "2609"]
[TimeControl "180+1"]
[EndTime "11:34:16 PDT"]
[Termination "TigrVShlyape won by resignation"]

1. e4 c6 2. d3 g6 3. Nf3 Bg7 4.
g3 d6 5. Bg2 Nf6 6. O-O O-O 7.
Nc3 b5 8. h3 Bb7 9. Be3 Nbd7 10. Qd2 Re8 11. Rfe1 a5 12. Bh6 Bh8 13. Ng5 b4 14.
Nd1 c5 15. f4 Qb6 16. Kh2 e6 17.
Ne3 Nh5 18. c3 f5 19. exf5 Bxg2 20. Qxg2 gxf5 21. Nxe6 Rxe6 22. Qxa8+ Qb8 23. Qd5 1-0

[Event "*** SCC Grand Prix: Titled Tuesday Blitz"]
[Site "Chess.com"]
[Date "2020.08.25"]
[Round "8"]
[White "Chess_Dog06"]
[Black "binbin239"]
[Result "0-1"]
[WhiteElo "2290"]
[BlackElo "2564"]
[TimeControl "180+1"]
[EndTime "11:34:18 PDT"]
[Termination "binbin239 won by resignation"]

1. Nf3 Nf6 2. d4 g6 3. c4 Bg7 4. Nc3 d5 5. Bg5 Ne4 6. cxd5 Nxc3 7. bxc3 Qxd5 8. e3 c5 9. Be2 Nc6 10. O-O O-O 11. Bh4 Bf5 12. Bd3 cxd4 13. cxd4 Bg4 14. h3 Bxf3 15. Qxf3 Qxf3 16. gxf3 e5 17. d5 Nb4 18.
Bc4 Rfc8 19. Bb3 e4 20. fxe4 Bxa1 21. Rxa1 Re8 22. f3 h6 23. Bf6 Na6 24. Rc1 Rac8 25. Rxc8 Rxc8 26. Kf2 Nc5 27. Ke2 a5 28. Bc4 Nd7 0-1

[Event "*** SCC Grand Prix: Titled Tuesday Blitz"]
[Site "Chess.com"]
[Date "2020.08.25"]
[Round "8"]
[White "Carnivoras"]
[Black "chito89"]
[Result "1-0"]
[WhiteElo "2678"]
[BlackElo "2773"]
[TimeControl "180+1"]
[EndTime "11:34:19 PDT"]
[Termination "Carnivoras won by resignation"]

1. d4 Nf6 2. c4 e6 3. Nc3 Bb4 4.
e3 O-O 5. Bd3 b6 6. Ne2 d5 7.
O-O Ba6 8. b3 dxc4 9. bxc4 c5 10. Bb2 Nc6 11. d5 Ne5 12. Ne4 Nxe4 13. Bxe5 Nd2 14. Nf4 Nxc4 15. dxe6 Qc8 16. Qh5 h6 17. Qf5 g6 18. Nxg6 Qxe6 19. Ne7+ 1-0

[Event "*** SCC Grand Prix: Titled Tuesday Blitz"]
[Site "Chess.com"]
[Date "2020.08.25"]
[Round "8"]
[White "Shuvalov"]
[Black "olksuna"]
[Result "0-1"]
[WhiteElo "2411"]
[BlackElo "2640"]
[TimeControl "180+1"]
[EndTime "11:34:22 PDT"]
[Termination "olksuna won by checkmate"]

1. Nf3 d5 2. c4 e6 3. g3 dxc4 4. Bg2 a6 5. a4 Nf6 6. O-O Nc6 7. Na3 Bxa3 8. bxa3 e5 9. Qc2 O-O 10. Qxc4 Be6 11.
Qc2 e4 12. Ng5 Nd4 13. Qb2 Nxe2+ 14. Kh1 Bd5 15. Re1 h6 16. Nxe4 Bxe4 17. Bxe4 Nxe4 18.
Rxe2 Qd5 19. Kg1 Ng5 20. h4 Nf3+ 21. Kf1 Nd4 22. Qxd4 Qh1# 0-1

[Event "*** SCC Grand Prix: Titled Tuesday Blitz"]
[Site "Chess.com"]
[Date "2020.08.25"]
[Round "8"]
[White "killer311"]
[Black "Zq1"]
[Result "0-1"]
[WhiteElo "2486"]
[BlackElo "2538"]
[TimeControl "180+1"]
[EndTime "11:34:23 PDT"]
[Termination "Zq1 won by resignation"]

1. d4 Nf6 2. c4 a6 3. g3 c5 4. d5 b5 5. cxb5 axb5 6. Bg2 d6 7. Nf3 Bb7 8. Nh4 g6 9. O-O Bg7 10. a4 O-O 11. Qb3 b4 12. e4 Nbd7 13. Nd2 Ba6 14. Re1 Ng4 15. Nc4 Bd4 16. Ne3 Nge5 17. Nf3 Rb8 18.
Nxd4 cxd4 19. Nd1 Nc5 20. Qc2 Bd3 21. Qd2 Nb3 22. Qh6 Nxa1 23. f4 Ng4 24. Qh4 Nc2 0-1

[Event "*** SCC Grand Prix: Titled Tuesday Blitz"]
[Site "Chess.com"]
[Date "2020.08.25"]
[Round "8"]
[White "garicradomir"]
[Black "snowlord"]
[Result "0-1"]
[WhiteElo "2321"]
[BlackElo "2794"]
[TimeControl "180+1"]
[EndTime "11:34:25 PDT"]
[Termination "snowlord won by resignation"]

1. e4 d6 2. d4 Nf6 3. Nc3 e5 4. Nf3 Nbd7 5. Bc4 Be7 6. O-O O-O 7. a4 c6 8. Re1 a5 9. Ba2 Qc7 10. Qd3 Nb8 11. h3 Na6 12. Bb3 Nd7 13. Bg5 Bxg5 14. Nxg5 h6 15. Nf3 Nf6 16. Rad1 Nh5 17. Ne2 Qe7 18. Qc3 Re8 19. dxe5 dxe5 20. Nxe5 Qxe5 21. Rd8 Qe7 22. Rxe8+ Qxe8 23. g4 Nf6 24. e5 Nd5 25. Qd4 Be6 0-1

[Event "*** SCC Grand Prix: Titled Tuesday Blitz"]
[Site "Chess.com"]
[Date "2020.08.25"]
[Round "8"]
[White "evgenyermolaev"]
[Black "Taron_Shagbazyan"]
[Result "0-1"]
[WhiteElo "2471"]
[BlackElo "2651"]
[TimeControl "180+1"]
[EndTime "11:34:26 PDT"]
[Termination "Taron_Shagbazyan won on time"]

1. d4 Nf6 2. Nc3 d5 3. Bf4 a6 4. Nf3 c5 5. e3 cxd4 6. exd4 Nc6 7. Bd3 Bg4 8. h3 Bxf3 9. Qxf3 Nxd4 10. Qe3 Ne6 11. Qd2 Nxf4 12. Qxf4 e6 13. O-O-O Rc8 14. Rhe1 Bd6 15. Qg5 O-O 16. f4 Rxc3 17. bxc3 Qc7 18.
Kb2 Rc8 19. c4 Bxf4 20. Qh4 dxc4 0-1

[Event "*** SCC Grand Prix: Titled Tuesday Blitz"]
[Site "Chess.com"]
[Date "2020.08.25"]
[Round "8"]
[White "freshfoodcompany"]
[Black "Chessdreamer2020"]
[Result "1/2-1/2"]
[WhiteElo "2363"]
[BlackElo "2473"]
[TimeControl "180+1"]
[EndTime "11:34:26 PDT"]
[Termination "Game drawn by repetition"]

1. d4 d6 2. Nf3 g6 3. c4 Bg7 4. Nc3 e5 5. dxe5 dxe5 6. Qxd8+ Kxd8 7. e4 f6 8. Be3 Be6 9. Be2 Nd7 10. b3 Bh6 11.
Bxh6 Nxh6 12. O-O-O c6 13. h3 Kc7 14. Rd2 Nf7 15.
Rhd1 a5 16. Kb2 Nc5 17. a3 Rhd8 18. Rxd8 Rxd8 19. Rxd8 Kxd8 20. b4 axb4 21. axb4 Nd7 22. Kc2 Nd6 23. Nd2 f5 24. f3 Nf6 25. Bd3 fxe4 26.
Ncxe4 Nfxe4 27. Nxe4 Nxe4 28. fxe4 Ke7 29. c5 Kf6 30.
Kd2 Kg5 31. Ke3 Kh4 32. Kf3 g5 33. b5 h5 34. bxc6 bxc6 35. Ba6 g4+ 36. hxg4 hxg4+ 37. Kf2 g3+ 38. Kf3 Bg4+ 39. Ke3 Bd7 40. Kf3 Bg4+ 41.
Ke3 Bd7 42. Bb7 Kg4 43. Ba6 Kh4 1/2-1/2

[Event "*** SCC Grand Prix: Titled Tuesday Blitz"]
[Site "Chess.com"]
[Date "2020.08.25"]
[Round "8"]
[White "szachuspl"]
[Black "MF1966Idrisov"]
[Result "1-0"]
[WhiteElo "2513"]
[BlackElo "2365"]
[TimeControl "180+1"]
[EndTime "11:34:31 PDT"]
[Termination "szachuspl won by checkmate"]

1. d4 d6 2. e4 Nf6 3. Nc3 Nbd7 4. f4 g6 5. Nf3 Bg7 6. e5 Ng4 7. h3 Nh6 8. Be3 Nf5 9. Bf2 h5 10. Bd3 c5 11. Bxf5 gxf5 12. Qd3 cxd4 13. Bxd4 dxe5 14. fxe5 e6 15. O-O-O Qa5 16. Kb1 Kf8 17. g4 hxg4 18.
hxg4 fxg4 19. Rxh8+ Bxh8 20. Qh7 Bg7 21. Ng5 Nxe5 22. Qh5 Qc7 23. Nb5 Qe7 24. Bxe5 Bxe5 25. Rd8+ Kg7 26. Qh7+ Kf6 27. Ne4# 1-0

[Event "*** SCC Grand Prix: Titled Tuesday Blitz"]
[Site "Chess.com"]
[Date "2020.08.25"]
[Round "8"]
[White "jacky72"]
[Black "Manukyan_Artak"]
[Result "1-0"]
[WhiteElo "2532"]
[BlackElo "2327"]
[TimeControl "180+1"]
[EndTime "11:34:35 PDT"]
[Termination "jacky72 won by resignation"]

1. e4 c6 2. c4 e5 3. Nc3 Bc5 4. Nf3 d6 5. d4 exd4 6. Nxd4 Nf6 7. Be2 O-O 8. O-O Re8 9. f3 Nbd7 10. Be3 Ne5 11.
Kh1 a5 12. Qc2 Qe7 13. Rad1 Be6 14. Bg1 Bxc4 15. Nf5 Qf8 16. Bxc5 dxc5 17. Bxc4 Nxc4 18. Na4 b5 19. b3 bxa4 20. Qxc4 axb3 21. axb3 Reb8 22.
Ra1 Rb4 23. Qc3 g6 24. Qxf6 gxf5 25. exf5 Rxb3 26. Qxc6 Rc8 27. Qd5 c4 28. f6 Kh8 29.
Rxa5 Rd3 30. Qh5 Rd6 31. Qh4 c3 32. Rh5 Qg8 33. Rg5 c2 34. Rxg8+ Rxg8 35. Qf4 Rd1 36.
Kg1 Rgd8 37. Kf2 Rxf1+ 38. Kxf1 Rd1+ 39. Kf2 c1=Q 40. Qb8+ 1-0

[Event "*** SCC Grand Prix: Titled Tuesday Blitz"]
[Site "Chess.com"]
[Date "2020.08.25"]
[Round "8"]
[White "j2806"]
[Black "YIYUKI"]
[Result "0-1"]
[WhiteElo "2034"]
[BlackElo "2289"]
[TimeControl "180+1"]
[EndTime "11:34:37 PDT"]
[Termination "YIYUKI won by resignation"]

1. e4 d6 2. d4 Nf6 3. Nc3 g6 4. Be3 Bg7 5. f3 Nbd7 6. Qd2 c5 7. O-O-O cxd4 8. Bxd4 O-O 9. g4 a6 10. h4 b5 11. h5 Bb7 12. hxg6 hxg6 13. g5 Nh5 14.
Nge2 Ne5 15. Qe3 Nc4 16. Qf2 b4 17. Nb1 e5 18. Be3 Qa5 19. Ng1 Qxa2 20. Bxc4 Qxc4 21. Ne2 Rfc8 22. Rd2 d5 23. exd5 Bxd5 24. Ng3 Nxg3 25.
Qxg3 e4 26. Qh3 exf3 27. Rhd1 Be4 28. c3 bxc3 29. Nxc3 Bxc3 0-1

[Event "*** SCC Grand Prix: Titled Tuesday Blitz"]
[Site "Chess.com"]
[Date "2020.08.25"]
[Round "8"]
[White "FMJoseHerrera"]
[Black "Dr_crypt"]
[Result "0-1"]
[WhiteElo "2499"]
[BlackElo "2402"]
[TimeControl "180+1"]
[EndTime "11:34:43 PDT"]
[Termination "Dr_crypt won by resignation"]

1. Nf3 Nf6 2. g3 g6 3. Bg2 Bg7 4. d3 O-O 5. Nc3 d5 6. h4 Bg4 7. Bg5 c6 8. Qd2 Re8 9. Bh6 Bh8 10. O-O-O Nbd7 11. h5 Bxh5 12. Ng5 Qa5 13. d4 e5 14. dxe5 Nxe5 15. f3 Nc4 16. Qf4 Rxe2 17. a3 Rxg2 18. g4 Nxa3 19. Rd2 Rxd2 20. Qxd2 Nc4 21. Qf4 Qa1+ 22.
Nb1 Qxb2+ 23. Kd1 Qxb1+ 24. Qc1 Qxc1+ 25. Kxc1 Bxg4 26. fxg4 Nxg4 27. Nf3 Nxh6 28. Rxh6 Re8 29. Rh1 h5 30. Rxh5 gxh5 0-1

[Event "*** SCC Grand Prix: Titled Tuesday Blitz"]
[Site "Chess.com"]
[Date "2020.08.25"]
[Round "8"]
[White "Blagorod"]
[Black "eightbyeightchess"]
[Result "0-1"]
[WhiteElo "2176"]
[BlackElo "2446"]
[TimeControl "180+1"]
[EndTime "11:34:48 PDT"]
[Termination "eightbyeightchess won by resignation"]

1. e4 d5 2. exd5 Nf6 3. d4 Bg4 4.
Nf3 Qxd5 5. Be2 Nc6 6. h3 Bh5 7. c4 Qd6 8. O-O O-O-O 9. d5 Bxf3 10. Bxf3 Ne5 11. Be2 e6 12. Bf4 exd5 13. Qd4 Nc6 14.
Qe3 Qc5 15. Qg3 Nd4 16. Bg4+ Nxg4 17. Qxg4+ f5 18. Qd1 dxc4 19. Na3 Bd6 20. Bg5 Rd7 21. Kh1 Ne6 22. Be3 Qe5 23. g3 Bxa3 24. Qa4 Bc5 25. Bf4 Nxf4 26. Qxc4 Qd5+ 27. Qxd5 Nxd5 28. Rac1 Bb6 29.
a3 Nf6 30. Kg2 Rd2 31. b4 Ne4 0-1

[Event "*** SCC Grand Prix: Titled Tuesday Blitz"]
[Site "Chess.com"]
[Date "2020.08.25"]
[Round "8"]
[White "RusPakhom"]
[Black "fianchettoer"]
[Result "0-1"]
[WhiteElo "2278"]
[BlackElo "2431"]
[TimeControl "180+1"]
[EndTime "11:34:48 PDT"]
[Termination "fianchettoer won by checkmate"]

1. e4 c6 2. d4 d5 3. exd5 cxd5 4. c4 Nf6 5. Nc3 e6 6. Nf3 Bb4 7. cxd5 Nxd5 8. Qc2 O-O 9. Bd3 Nf6 10. O-O Nc6 11.
Rd1 Be7 12. a3 Bd7 13. Qe2 Rc8 14. Ne4 Nxe4 15. Bxe4 Na5 16. Bf4 Ba4 17. Rdc1 Bc6 18. Rd1 Bxe4 19. Qxe4 Nb3 20. Rab1 Qd5 21. Qxd5 exd5 22.
Ne5 Rc2 23. Rd3 Na5 24. b4 Nc4 25. Nxc4 Rxc4 26. Re3 Bf6 27. Be5 Bxe5 28. dxe5 Re8 29. g3 g5 30. Rd1 d4 31. Re4 Rc3 32. Rexd4 Rxe5 33. R1d3 Rc1+ 34. Kg2 Kg7 35. Rd7 g4 36. Rxb7 Ree1 37. f4 Re2# 0-1

[Event "*** SCC Grand Prix: Titled Tuesday Blitz"]
[Site "Chess.com"]
[Date "2020.08.25"]
[Round "8"]
[White "ARTHURMOTIVATOR"]
[Black "Lenyas66"]
[Result "1-0"]
[WhiteElo "2287"]
[BlackElo "2443"]
[TimeControl "180+1"]
[EndTime "11:34:53 PDT"]
[Termination "ARTHURMOTIVATOR won by resignation"]

1. e4 c5 2. b3 Nc6 3. Bb2 Nf6 4. e5 Nd5 5. Nf3 e6 6. Nc3 Nxc3 7. dxc3 d5 8. exd6 Bxd6 9. c4 O-O 10. Bd3 e5 11.
Be4 Bg4 12. h3 Bh5 13. Qd3 Nb4 14. Bxh7+ Kh8 15. Qe4 g6 16. g4 f5 17. Qe2 Kxh7 18. gxh5 gxh5 19. O-O-O e4 20. Rxd6 Qxd6 21. Ng5+ Kg6 22.
Rg1 Qf4+ 23. Kb1 Kh6 24. Ne6 Qd6 25. Qe3+ f4 26. Bg7+ Kh7 27. Qxe4+ 1-0

[Event "*** SCC Grand Prix: Titled Tuesday Blitz"]
[Site "Chess.com"]
[Date "2020.08.25"]
[Round "8"]
[White "KarpovVadim"]
[Black "milenapn"]
[Result "1-0"]
[WhiteElo "2318"]
[BlackElo "1980"]
[TimeControl "180+1"]
[EndTime "11:34:54 PDT"]
[Termination "KarpovVadim won on time"]

1. Nf3 Nf6 2. d4 g6 3. c3 Bg7 4.
Bg5 O-O 5. e3 d6 6. Nbd2 c5 7. Bc4 Nc6 8. O-O b6 9. Re1 d5 10. Bf1 Bb7 11. a4 Qc7 12. Bf4 Qd7 13. h3 Rfe8 14. Qb3 Ne4 15. Red1 Qf5 16. Qa3 cxd4 17.
cxd4 e5 18. dxe5 Nxe5 19. Nxe5 Bxe5 20. Nxe4 dxe4 21. Bxe5 Qxe5 22. Rd7 Bc6 23. Rd6 Bb7 24. Rad1 Rac8 25. Bb5 Re7 26. h4 1-0

[Event "*** SCC Grand Prix: Titled Tuesday Blitz"]
[Site "Chess.com"]
[Date "2020.08.25"]
[Round "8"]
[White "BigAl"]
[Black "tdf98pantani"]
[Result "1-0"]
[WhiteElo "2488"]
[BlackElo "2639"]
[TimeControl "180+1"]
[EndTime "11:34:57 PDT"]
[Termination "BigAl won on time"]

1. e4 e5 2. Bc4 Nf6 3. d3 c6 4. Nf3 Be7 5. Nbd2 d6 6. a4 O-O 7. a5 h6 8. O-O Kh8 9. Re1 Na6 10. Ba2 Nb4 11. Bb3 Be6 12. Bxe6 fxe6 13. d4 exd4 14. Nxd4 Qd7 15. N2f3 c5 16. Nb3 e5 17. c3 Nc6 18. Nh4 Kh7 19. Nf5 Rad8 20. Qc2 Ng8 21.
f3 g6 22. Ne3 Bg5 23. Nd5 Bxc1 24. Raxc1 Nf6 25. Rcd1 1-0

[Event "*** SCC Grand Prix: Titled Tuesday Blitz"]
[Site "Chess.com"]
[Date "2020.08.25"]
[Round "8"]
[White "JoliyRoger"]
[Black "isainz"]
[Result "1-0"]
[WhiteElo "2370"]
[BlackElo "2130"]
[TimeControl "180+1"]
[EndTime "11:35:02 PDT"]
[Termination "JoliyRoger won by resignation"]

1. Nf3 Nf6 2. c4 g6 3. Nc3 Bg7 4. e4 d6 5. d4 O-O 6. h3 e5 7. d5 a5 8. Bg5 Na6 9. Be2 Qe8 10. g4 Nd7 11. Rg1 Ndc5 12. h4 Bd7 13. h5 f6 14. Be3 g5 15. Nd2 a4 16. Ndb1 Qe7 17. Na3 Rfd8 18. f3 Rab8 19. Kf2 Be8 20. Rb1 Ra8 21.
Qd2 Bf7 22. Nc2 c6 23. b4 axb3 24. axb3 Nc7 25. b4 Na4 26. Nxa4 Rxa4 27. Ra1 Rda8 28. Qc3 cxd5 29. cxd5 Qd7 30. Rxa4 Rxa4 31. Ra1 Na6 32.
b5 Rxa1 33. Qxa1 Nc7 34. b6 Na6 35. Bxa6 bxa6 36. Qxa6 1-0

[Event "*** SCC Grand Prix: Titled Tuesday Blitz"]
[Site "Chess.com"]
[Date "2020.08.25"]
[Round "8"]
[White "GaboSalazar2001"]
[Black "dolynachess"]
[Result "1/2-1/2"]
[WhiteElo "2296"]
[BlackElo "2425"]
[TimeControl "180+1"]
[EndTime "11:35:06 PDT"]
[Termination "Game drawn by repetition"]

1. e4 c5 2. Nf3 d6 3. d4 cxd4 4.
Nxd4 Nf6 5. Nc3 e5 6. Bb5+ Bd7 7.
Bxd7+ Qxd7 8. Nf3 Nc6 9. O-O h6 10. Re1 Be7 11. Nh4 g6 12. g3 O-O-O 13. Ng2 Kb8 14.
Ne3 Rc8 15. Ned5 Nd4 16. Nxf6 Bxf6 17. Nd5 Bg5 18. c3 Bxc1 19. Rxc1 Ne6 20. Qd3 h5 21. Rcd1 Rcd8 22. a4 h4 23. Qb5 Qc8 24. Ne7 Qc7 25.
Nd5 Qc8 26. Ne7 Qc5 27. b4 Qc7 28. Nd5 Qc8 29. Ne7 Qc7 30. Nd5 Qc6 31. Ne7 Qc7 1/2-1/2

[Event "*** SCC Grand Prix: Titled Tuesday Blitz"]
[Site "Chess.com"]
[Date "2020.08.25"]
[Round "8"]
[White "arminmusovic"]
[Black "elohunter1999"]
[Result "0-1"]
[WhiteElo "2572"]
[BlackElo "2469"]
[TimeControl "180+1"]
[EndTime "11:35:09 PDT"]
[Termination "elohunter1999 won by resignation"]

1. a3 g6 2. Nc3 Bg7 3. e4 d6 4. d4 Nf6 5. Bg5 c6 6. f4 Qb6 7. Nf3 d5 8. Bxf6 Bxf6 9. e5 Bg7 10. h3 Bf5 11. Bd3 Bxd3 12. Qxd3 e6 13. O-O Nd7 14. Kh1 c5 15. Nb5 c4 16. Nd6+ Qxd6 17. exd6 cxd3 18. cxd3 Bf8 19. Rae1 Bxd6 20. f5 gxf5 21. Ng5 O-O 22. g4 fxg4 23. hxg4 h6 24. Nf3 Kh7 25. g5 Rg8 26.
Re2 hxg5 27. Ne5 Bxe5 28. Rxf7+ Rg7 29. Rf3 Bxd4 30. Rxe6 Nf6 31. Rh3+ Kg6 32. Rf3 Rc8 33. Kg2 Rc2+ 34. Kf1 Rh7 35. Rg3 0-1

[Event "*** SCC Grand Prix: Titled Tuesday Blitz"]
[Site "Chess.com"]
[Date "2020.08.25"]
[Round "8"]
[White "ChessBitl"]
[Black "topotun"]
[Result "0-1"]
[WhiteElo "2514"]
[BlackElo "2719"]
[TimeControl "180+1"]
[EndTime "11:35:11 PDT"]
[Termination "topotun won by resignation"]

1. e4 c6 2. Nc3 d5 3. Nf3 Nf6 4. d3 Bg4 5. h3 Bxf3 6. Qxf3 e6 7. g4 Bb4 8. Bd2 d4 9. Nb1 Qb6 10. g5 Nfd7 11. a3 Bxd2+ 12. Nxd2 Qxb2 13. Rb1 Qxc2 14.
Rxb7 O-O 15. Be2 Nc5 16. Rb1 Nbd7 17. Qg3 Rab8 18. Rb4 Qc3 19. Rc4 Qa5 20. Qd6 Rb2 21. Rb4 Qxa3 22. Rxb2 Nxd3+ 23. Bxd3 Qxd6 0-1

[Event "*** SCC Grand Prix: Titled Tuesday Blitz"]
[Site "Chess.com"]
[Date "2020.08.25"]
[Round "8"]
[White "stepanosinovsky"]
[Black "Noam_Vitenberg"]
[Result "0-1"]
[WhiteElo "2367"]
[BlackElo "2516"]
[TimeControl "180+1"]
[EndTime "11:35:11 PDT"]
[Termination "Noam_Vitenberg won on time"]

1. e4 e5 2. Nf3 Nc6 3. Bb5 a6 4. Ba4 Nf6 5. O-O Be7 6. Re1 b5 7. Bb3 O-O 8. Nc3 Bb7 9. a4 b4 10. Nd5 Na5 11. Ba2 Nxd5 12. exd5 d6 13. c4 f5 14. d4 e4 15. Nd2 Bf6 16. Nf1 c5 17. dxc6 Nxc6 18. Be3 g5 19. c5+ d5 20. f4 gxf4 21.
Bxf4 Bxd4+ 22. Be3 Bxe3+ 23. Nxe3 Ne7 24. Qd4 Qd7 25.
Rad1 Rad8 26. Bb3 Rf7 27. h3 f4 28. Ng4 Nf5 29. Nf6+ Kh8 30. Qe5 Qe7 31. Qxe7 Nxe7 32. Nxe4 Nf5 0-1

[Event "*** SCC Grand Prix: Titled Tuesday Blitz"]
[Site "Chess.com"]
[Date "2020.08.25"]
[Round "8"]
[White "lucasmito"]
[Black "Kotofeyca"]
[Result "0-1"]
[WhiteElo "2491"]
[BlackElo "2342"]
[TimeControl "180+1"]
[EndTime "11:35:12 PDT"]
[Termination "Kotofeyca won by resignation"]

1. e4 c5 2. Nf3 d6 3. d4 cxd4 4. Nxd4 Nf6 5. Nc3 a6 6. Be3 Ng4 7. Bg5 Nc6 8. Nxc6 bxc6 9. Be2 Nf6 10. O-O e5 11. f4 Qb6+ 12. Kh1 Qxb2 13. Qd3 Be7 14.
fxe5 dxe5 15. Qg3 h6 16. Be3 Qxc3 17. Qxg7 Rg8 18. Qxh6 Qxc2 19. Rxf6 Qxe2 20. Rg1 Bxf6 21. Qxf6 Qxe3 22. Qxc6+ Kf8 23. Qxa8 Kg7 24. Qd5 Qf4 25. a4 Rh8 26. g4 0-1

[Event "*** SCC Grand Prix: Titled Tuesday Blitz"]
[Site "Chess.com"]
[Date "2020.08.25"]
[Round "8"]
[White "frederiksvane"]
[Black "Sychev_Klementy"]
[Result "1-0"]
[WhiteElo "2667"]
[BlackElo "2761"]
[TimeControl "180+1"]
[EndTime "11:35:16 PDT"]
[Termination "frederiksvane won by checkmate"]

1. e4 c5 2. Nf3 e6 3. d4 cxd4 4.
Nxd4 Bc5 5. Nc3 Qb6 6. Na4 Qa5+ 7. c3 Bxd4 8. Qxd4 Nf6 9. Nc5 Nc6 10. Qd6 b6 11. Nb3 Nxe4 12. Qxc6 dxc6 13. Nxa5 bxa5 14.
Be2 O-O 15. Be3 Rb8 16. O-O-O e5 17. Bf3 Bf5 18. g4 Bg6 19. h4 h6 20. h5 Bh7 21.
Rd7 Nxc3 22. bxc3 Rb1+ 23. Kd2 Rb2+ 24. Ke1 Rxa2 25. Kf1 e4 26. Be2 a4 27. Rxa7 Kh8 28. Bc4 Rc2 29. Rxa4 Rxc3 30. Kg2 f5 31. gxf5 Bxf5 32.
Rh4 c5 33. Rf4 Bh3+ 34. Kxh3 Rxf4 35. Ra8+ Kh7 36. Bg8+ Kh8 37. Bf7+ Kh7 38. Bg6# 1-0

[Event "*** SCC Grand Prix: Titled Tuesday Blitz"]
[Site "Chess.com"]
[Date "2020.08.25"]
[Round "8"]
[White "teacher4chess"]
[Black "Speshka"]
[Result "0-1"]
[WhiteElo "2023"]
[BlackElo "2215"]
[TimeControl "180+1"]
[EndTime "11:35:17 PDT"]
[Termination "Speshka won by checkmate"]

1. d4 f5 2. Nc3 Nf6 3. Bf4 g6 4. d5 Bg7 5. Nf3 O-O 6. Qd2 Ne4 7. Nxe4 fxe4 8. Ng5 Bxb2 9. Rb1 Bg7 10. Nxe4 c6 11. g3 cxd5 12. Qxd5+ e6 13. Qd6 Qa5+ 14. Qb4 Qxb4+ 15.
Rxb4 d5 16. Bg2 dxe4 17. O-O e5 18. Be3 Nc6 19. Rxe4 Bf5 20. Rc4 Rac8 21. Bd5+ Kh8 22. Bxc6 Rxc6 23. Rxc6 bxc6 24. Bxa7 Ra8 25. Bc5 Rxa2 26. Rd1 h6 27. Rd8+ Kh7 28. Rd6 Rxc2 29. Rxc6 Rc1+ 30. Kg2 Be4+ 31. f3 Bxc6 32. Be3 Rc2 33. Kf2 Bb5 34. g4 Rxe2+ 35. Kg3 Rxe3 36. h4 e4 37. Kf4 Rxf3+ 38. Kxe4 Bc6# 0-1

[Event "*** SCC Grand Prix: Titled Tuesday Blitz"]
[Site "Chess.com"]
[Date "2020.08.25"]
[Round "8"]
[White "nitpicker"]
[Black "Chessbard1972"]
[Result "0-1"]
[WhiteElo "2228"]
[BlackElo "2403"]
[TimeControl "180+1"]
[EndTime "11:35:18 PDT"]
[Termination "Chessbard1972 won by resignation"]

1. d4 Nf6 2. c4 g6 3. Nc3 Bg7 4. e4 d6 5. Be2 O-O 6. Nf3 Na6 7. Be3 Ng4 8. Bg5 h6 9. Bh4 c5 10. h3 cxd4 11. Nxd4 Bxd4 12. Qxd4 e5 13. Bxd8 exd4 14. Be7 Re8 15. Nd5 Be6 16. Bxd6 Bxd5 17. cxd5 Rxe4 18. Rd1 Rae8 19. O-O Rxe2 20. hxg4 Rd8 21. Ba3 Rxd5 22. Rd3 b5 23. Rb3 d3 24. Rd1 d2 25. Bb4 Nxb4 0-1

[Event "*** SCC Grand Prix: Titled Tuesday Blitz"]
[Site "Chess.com"]
[Date "2020.08.25"]
[Round "8"]
[White "The_Machine04"]
[Black "GAusal"]
[Result "1-0"]
[WhiteElo "2282"]
[BlackElo "2157"]
[TimeControl "180+1"]
[EndTime "11:35:18 PDT"]
[Termination "The_Machine04 won by resignation"]

1. d4 d5 2. Bf4 c6 3. e3 Nf6 4. c4 g6 5. Nc3 Bg7 6. h4 h5 7. Nf3 O-O 8. Ne5 Nbd7 9. Be2 Nxe5 10. Bxe5 Nd7 11. Bxg7 Kxg7 12. cxd5 cxd5 13. Nxd5 b6 14.
O-O Bb7 15. Bf3 Nf6 16. Nxf6 Bxf3 17. Qxf3 exf6 18. Rac1 f5 19. Rc2 Qd6 20. Rfc1 f4 21. Qxf4 Qxf4 22. exf4 Rad8 23. Rd2 Rd7 24. g3 Rfd8 25.
Rcd1 Kf6 26. d5 Ke7 27. Kg2 Kd6 28. b4 Rc7 29. Kf3 Rdc8 30. f5 Rc4 31. fxg6 fxg6 32.
Rd4 Rxd4 33. Rxd4 Rc2 34. a4 a6 35. Ke3 a5 36. bxa5 bxa5 37. f3 Ra2 38. Kf4 Ra3 39. Ke4 Ra1 40. Kf4 Ra3 41. g4 Kc5 42. d6 Kxd4 43.
d7 Rxa4 44. d8=Q+ Kc3+ 45. Kg5 Ra3 46. Kxg6 hxg4 47. fxg4 a4 48. h5 Kb2 49. Qd2+ Kb3 50. h6 Ra2 51. Qxa2+ Kxa2 52. h7 a3 53. h8=Q Kb3 54.
Qa1 a2 55. Kf6 1-0

[Event "*** SCC Grand Prix: Titled Tuesday Blitz"]
[Site "Chess.com"]
[Date "2020.08.25"]
[Round "8"]
[White "Sesleria"]
[Black "krasavetc"]
[Result "0-1"]
[WhiteElo "2063"]
[BlackElo "2282"]
[TimeControl "180+1"]
[EndTime "11:35:20 PDT"]
[Termination "krasavetc won by resignation"]

1. e4 e6 2. d4 d5 3. Nc3 Nf6 4. e5 Nfd7 5. f4 c5 6. Nf3 Nc6 7. Be3 a6 8. Be2 b5 9. O-O Bb7 10. f5 exf5 11. Nxd5 cxd4 12. Bg5 Qb8 13. Nxd4 Nxd4 14.
e6 fxe6 15. Bh5+ g6 16. Qxd4 Bc5 17. Nf6+ Kf7 18. Nxd7 Bxd4+ 19. Kh1 Qd6 20. c3 gxh5 21. cxd4 Qxd7 22. d5 Qxd5 23. Rf2 Rhg8 24. h4 h6 25. Rc1 hxg5 0-1

[Event "*** SCC Grand Prix: Titled Tuesday Blitz"]
[Site "Chess.com"]
[Date "2020.08.25"]
[Round "8"]
[White "TST2014"]
[Black "mapleaff"]
[Result "1-0"]
[WhiteElo "2497"]
[BlackElo "2344"]
[TimeControl "180+1"]
[EndTime "11:35:23 PDT"]
[Termination "TST2014 won on time"]

1. d4 Nf6 2. c4 e6 3. Nf3 d5 4.
Nc3 Be7 5. Bf4 O-O 6. e3 Nbd7 7. c5 c6 8. Bd3 b6 9. b4 a5 10. a3 Ba6 11. O-O Bxd3 12. Qxd3 Qc8 13. h3 Qb7 14. Rfb1 axb4 15. axb4 b5 16. Qd1 Rxa1 17. Rxa1 Ra8 18. Qb1 Bd8 19. Ra2 h6 20. Qa1 Rxa2 21. Qxa2 Bc7 22.
Bxc7 Qxc7 23. Qa8+ Kh7 24. Ne2 Ne4 25. Nc1 e5 26.
Nd3 f6 27. Qe8 Ng5 28. Nh4 exd4 29. exd4 Qa7 30. Nf5 Qa1+ 31. Kh2 Qf1 32. Qxd7 Ne6 33. Nf4 Qxg2+ 34. Nxg2 1-0

[Event "*** SCC Grand Prix: Titled Tuesday Blitz"]
[Site "Chess.com"]
[Date "2020.08.25"]
[Round "8"]
[White "Ausbildung"]
[Black "profofchess"]
[Result "0-1"]
[WhiteElo "2249"]
[BlackElo "2420"]
[TimeControl "180+1"]
[EndTime "11:35:23 PDT"]
[Termination "profofchess won by resignation"]

1. e4 e6 2. d4 d5 3. Bd3 dxe4 4.
Bxe4 Nf6 5. Bf3 Bd6 6. Ne2 Nbd7 7. O-O O-O 8. Na3 e5 9. Nc4 e4 10. Ng3 exf3 11. Qxf3 Nb6 12. Ne5 Bxe5 13. dxe5 Ng4 14. Re1 Qd5 15. Qf4 Re8 16. Bd2 Rxe5 17. Bc3 Rxe1+ 18.
Rxe1 Be6 19. h3 Nh6 20. Re5 Qd1+ 21. Kh2 Nd5 22. Qb4 Nxb4 0-1